 Dungeon Crawl Stone Soup version 0.17-a0-1778-gd369669 (webtiles) character file.

30 4thArraOfDagon the Ruffian (level 3, -1/36 HPs)
             Began as a Troll Chaos Knight on Sept 8, 2015.
             Slain by Sigmund
             ... wielding a cursed +0 scythe
              (9 damage)
             ... on level 3 of the Dungeon.
             The game lasted 00:01:13 (249 turns).

4thArraOfDagon the Ruffian (Troll Chaos Knight)      Turns: 249, Time: 00:01:13

Health: -1/36      AC:  7    Str: 20    XL:     3   Next: 5%
Magic:  2/2        EV: 10    Int: 13    God:    Xom [......]
Gold:   28         SH:  0    Dex:  7    Spells: 0 memorised, 2 levels left

rFire  . . .     SeeInvis .       - Unarmed
rCold  . . .     Clarity  .     a - +2 robe
rNeg   . . .     SustAt   .     (no shield)
rPois  .         Gourm    +     (helmet restricted)
rElec  .         Spirit   .     (no cloak)
rCorr  .         Warding  .     (gloves unavailable)
rMut   .         Stasis   .     (boots unavailable)
MR     .....                    (no amulet)
Stlth  +.........               (no ring)
                                (no ring)

@: not resistant to hostile enchantments, very unstealthy
A: unfitting armour, claws 3, clever 2, clumsy 1, fast metabolism 3, gourmand,
regeneration 2, shaggy fur 1, tough skin 2
a: Renounce Religion


You were on level 3 of the Dungeon.
You worshipped Xom.
You were a very special plaything of Xom.
You were full.

You visited 1 branch of the dungeon, and saw 3 of its levels.

You collected 28 gold pieces.

Inventory:

Armour
 a - a +2 robe (worn)
Scrolls
 c - a scroll of enchant weapon {unknown}
 d - a scroll of fear {unknown}
 f - a scroll of magic mapping {unknown}
Comestibles
 b - 3 bread rations


   Skills:
 + Level 2.6 Fighting
 + Level 2.3 Dodging
 * Level 3.6 Unarmed Combat


You had 2 spell levels left.
You didn't know any spells.

Dungeon Overview and Level Annotations

Branches:
Dungeon (3/15)

Altars:

Annotations:
D:3 Sigmund


Innate Abilities, Weirdness & Mutations

You are too large for most types of armour.
You have claws for hands.
Your metabolism is lightning-fast.
You like to eat raw meat.
You heal very quickly.
You are covered in fur (AC +1).
You have very tough skin (AC +2).
Your mind is very acute. (Int +4)
You are clumsy. (Dex -2)


Message History

You closely miss something. Something hits you.
* * * LOW HITPOINT WARNING * * *
You closely miss something.
Drink which item? (? for menu, Esc to quit)
It was a potion of mutation.
You feel extremely strange.
You feel clever. x2
You feel clumsy. Something hits you.
* * * LOW HITPOINT WARNING * * *
Unknown command.
You miss something. Something hits you but does no damage.
You completely miss something. You claw something! Something hits you.
* * * LOW HITPOINT WARNING * * *
You barely miss something. Something hits you but does no damage.
You barely miss something.
Unknown command.
You scratch something. Something hits you!
You die... "Boring in life, boring in death..."

### #.. #.# ... #+## #.#
#...# #.#### #.....
#.##.## #......
#########.#...####...>...
................@{.....$.
##.######.#...####.......
##.# #.##.## #...... ##.#
#.#### #..... ##.# .#.
#...# ##.# # # #+## ...#
#### #


There were no monsters in sight!

Vanquished Creatures
  An adder (D:3)
  An ooze (D:1)
  A worm (D:2)
  A bat (D:1)
  4 goblins
  A hobgoblin (D:1)
  2 giant newts
  4 jackals
  A kobold (D:3)
  A rat (D:1)
17 creatures vanquished.

Notes
Turn   | Place    | Note
--------------------------------------------------------------
     0 | D:1      | 4thArraOfDagon the Troll Chaos Knight began the quest for the Orb.
     0 | D:1      | Reached XP level 1. HP: 22/22 MP: 0/0
    65 | D:1      | Reached XP level 2. HP: 29/29 MP: 1/1
   153 | D:3      | XOM: harmless Pois miscast
   174 | D:3      | Reached XP level 3. HP: 31/36 MP: 2/2
   222 | D:3      | Noticed Sigmund
   243 | D:3      | Gained mutation: Your mind is acute. (Int +2) [potion of mutation]
   243 | D:3      | Gained mutation: Your mind is very acute. (Int +4) [potion of mutation]
   243 | D:3      | Gained mutation: You are clumsy. (Dex -2) [potion of mutation]
   249 | D:3      | Slain by Sigmund

Vault maps used:
D:1:      dpeg_arrival_tiny_k
D:2:      evilmike_ruin_ashenzari
D:3:      nicolae_gozag_seed_capital, fountainhead, mrwooster_statue_mirror,
          uniq_iyjb, uniq_sigmund, uniq_natasha, uniq_crazy_yiuf_cottage

Action                   || total
-------------------------++-------
Melee: Unarmed           ||    63
  Use: Potion            ||     1
  Eat: Chunk             ||     5
